 Dungeon Crawl Stone Soup version 0.30-a0-879-ga8ba668304 (webtiles) character file.

Game seed: 16526239272051106468

362 Maxmaps the Shooter (level 6, -6/34 (46) HPs)
             Began as a Formicid Hunter on Mar 13, 2023.
             Shot with an arrow by a centaur (10 damage)
             ... on level 4 of the Dungeon.
             The game lasted 00:05:14 (2900 turns).

Maxmaps the Shooter (Formicid Hunter)               Turns: 2900, Time: 00:05:15

HP:   -6/34 (46)    AC:  8    Str: 15    XL:     6   Next: 99%
MP:   6/6           EV: 10    Int: 11    God:
Gold: 212           SH:  0    Dex: 17    Spells: 5/5 levels left

rFire   . . .      SeeInvis +    a - +1 shortbow
rCold   . . .      Faith    .    (no shield)
rNeg    . . .      Spirit   .    m - +0 scale mail
rPois   .          Reflect  .    (helmet unavailable)
rElec   .          Rampage  .    (no cloak)
rCorr   .                        f - +0 pair of gloves
Will    .....                    p - +0 pair of boots
Stlth   +                        (no amulet)
HPRegen 0.25/turn                (no ring)
MPRegen 0.10/turn                (no ring)

@: very heavily drained
A: permanent stasis, dig shafts and tunnels, antennae 3, four strong arms
a: Dig, Shaft Self


You were on level 4 of the Dungeon.
You visited 1 branch of the dungeon, and saw 4 of its levels.
You also visited: Sewer.

You collected 212 gold pieces.

Inventory:

Hand Weapons
 a - a +1 shortbow (weapon)
Armour
 f - a +0 pair of gloves (worn)
 m - a +0 scale mail (worn)
 p - a +0 pair of boots (worn)
 r - a +0 plate armour
Wands
 s - a wand of mindburst (3)
Scrolls
 b - 2 scrolls of immolation
 d - a scroll of fog
 j - a scroll of magic mapping
 k - a scroll of silence {unknown}
 l - a scroll of enchant armour {unknown}
 o - 6 scrolls of identify {unknown}
 q - 2 scrolls of teleportation {unknown}
 t - a scroll of blinking
Potions
 c - 2 potions of curing
 e - a potion of degeneration {unknown}
 g - a potion of might {unknown}
 h - a potion of heal wounds {unknown}
 i - a potion of resistance {unknown}
 n - a potion of flight {unknown}


   Skills:
 - Level 2.4 Fighting
 + Level 7.6 Ranged Weapons
 - Level 0.2 Armour
 - Level 1.8 Dodging
 - Level 1.4 Stealth


You had 5 spell levels left.
You didn't know any spells.
Your spell library contained the following spells:

 Spells                   Type           Power      Damage    Failure   Level
 Cigotuvi's Dreadful Rot  Necr/Pois/Air  0%         N/A       91%         2
 Lesser Beckoning         Tloc           0%         N/A       91%         2
 Poisonous Vapours        Pois/Air       0%         N/A       91%         2
 Static Discharge         Conj/Air       0%         2-2/arc   91%         2
 Gell's Gravitas          Tloc           0%         N/A       99%         3
 Mephitic Cloud           Conj/Pois/Air  0%         N/A       99%         3
 Portal Projectile        Hex/Tloc       0%         N/A       99%         3
 Teleport Other           Tloc           0%         N/A       99%         3
 Tukima's Dance           Hex            0%         N/A       99%         3
 Vhi's Electric Charge    Tloc/Air       0%         N/A       99%         3
 Arcjolt                  Conj/Air       0%         1d10      100%        5
 Blade Hands              Tmut           0%         N/A       100%        5
 Lightning Bolt           Conj/Air       0%         1d11      100%        5


Dungeon Overview and Level Annotations

Branches:
Dungeon (4/15)             Temple (0/1) D:4           Sewer (visited)

Altars:


Innate Abilities, Weirdness & Mutations

You cannot be hasted, slowed, berserked, paralysed or teleported.
You can dig through walls and to a lower floor.
You have a pair of large antennae on your head. (SInv)
Your four strong arms can wield two-handed weapons with a shield.


Message History

No target in view!
A goblin is nearby!
You shoot an arrow. The arrow hits the goblin.
The goblin is severely wounded.
You shoot an arrow. The arrow hits the goblin!
You kill the goblin!
No target in view!
No target in view!
You now have 212 gold pieces (gained 10).
Found a leather armour.
Things that are here:
a +0 club; a goblin corpse Key pressed, stopping explore.
No target in view!
You see here a +0 leather armour.
Key pressed, stopping explore.
No target in view!
No target in view!
No target in view!
You sense a monster nearby.
No target in view!
A kobold comes into view. It is wielding a +0 dagger.
The kobold shouts!
You hear a shout! x2
A centaur comes into view.
The kobold moves out of view.
You shoot an arrow. The arrow hits the centaur!
The centaur is moderately wounded.
The centaur wields a +0 shortbow.
The centaur shoots an arrow.
The arrow hits you.
A centaur comes into view.
The centaur wields a +0 shortbow.
The centaur shoots an arrow.
The arrow hits you!
You shoot an arrow. The arrow barely misses the centaur.
The centaur shoots an arrow.
The arrow hits you!
* * * LOW HITPOINT WARNING * * *
The centaur shoots an arrow.
The arrow hits you!
* * * LOW HITPOINT WARNING * * *
You are too injured to fight recklessly!
The centaur shoots an arrow.
The arrow hits you!
You die...

.......#### #.##.##.#.###....
.....#....# #...[............
###....##.# ####.#.#.#..##.## #
#.#.##*,* ##........#...# # #.#.#
*,* ###...#.8.#)..... ###.#.# *,*
#...#.......#.... ......# *,*
###.#...8.>.8...#.. ####### *,*
#.....#.......#.... *********,***
#.@.....#.8.#......
,,,,,>,,,,,,**#.#####.......#####
#*********,,,*#.# ##.#.#.## #
*#.....c.#* #.....# # *..##{##..*
##.#.#* # *,*#c{,##.#* *,,,*
********,#.**,,*..* **,**
,,,,,,,,..,,,,,,..#*****,********
*******,.*,,**,*...,,,,,,,,,,,,,,


You could see a centaur.

Vanquished Creatures
  2 bullfrogs (Sewer)
  2 orc priests (D:4)
  An orc wizard (D:4)
  6 adders
  A worm (D:2)
  A dart slug (D:1)
  An orc (D:3)
  8 ball pythons
  7 endoplasms
  12 giant cockroaches
  8 goblins
  6 hobgoblins
  6 jackals
  5 quokkas
  3 bats
  10 frilled lizards
  4 kobolds
  4 rats
87 creatures vanquished.

Notes
Turn   | Place    | Note
-------+----------+-------------------------------------------
     0 | D:1      | Maxmaps the Formicid Hunter began the quest for the Orb.
     0 | D:1      | Reached XP level 1. HP: 16/16 MP: 1/1
   198 | D:1      | Reached XP level 2. HP: 22/22 MP: 2/2
   810 | D:2      | Reached XP level 3. HP: 27/27 MP: 3/3
   990 | D:2      | HP: 1/28 [goblin/+0 club (2)]
   992 | D:2      | Reached skill level 5 in Ranged Weapons
  1134 | D:2      | Reached XP level 4. HP: 34/34 MP: 4/4
  1676 | D:3      | Identified the +4 spear "Luteetzi" {heavy, Stlth+}
  2009 | D:4      | Found a glowing drain.
  2030 | Sewer    | Entered a sewer
  2067 | Sewer    | Reached XP level 5. HP: 38/39 MP: 5/5
  2184 | Sewer    | Reached skill level 6 in Ranged Weapons
  2244 | Sewer    | Noticed a bullfrog
  2254 | Sewer    | Killed a bullfrog
  2255 | Sewer    | Reached XP level 6. HP: 16/46 MP: 6/6
  2402 | Sewer    | Reached skill level 7 in Ranged Weapons
  2694 | D:4      | HP: 1/32 [orc wizard/+0 dagger (2)]
  2847 | D:4      | Found a staircase to the Ecumenical Temple.
  2900 | D:4      | Shot with an arrow by a centaur

Illustrated notes

Levels and vault maps discovered:
D:1:      minmay_arrival_checkered_box, layout_basic
D:2:      layout_rooms, minmay_misc_feat_pillars, kennysheep_generic_room_14
D:3:      layout_basic, minmay_misc_feat_doors,
          wander_ebering_terrifying_dragon_lair
D:4:      layout_loops_ring, minmay_temple_entry_sparse_star,
          portal_sewer_entry_a, ebering_ghost_disaster_area,
          minmay_manual_mares, uniq_crazy_yiuf_cottage

Skill      XL: |  1  2  3  4  5  6 |
---------------+-------------------+-----
Ranged Weapons | 5 6 7 |  7.6
Fighting       | |  2.4
Armour         | |  0.2
Dodging        | |  1.8
Stealth        | |  1.4

Action                     |  1- 3 |  4- 6 || total
---------------------------+-------+-------++-------
   Fire: Shortbow          |    77 |   168 ||   245
Ability: Dig               |     6 |     4 ||    10
    Use: Scroll            |       |     3 ||     3
         Potion            |       |     1 ||     1
 Armour: Scale mail        |    24 |    45 ||    69
         Ring mail         |     3 |       ||     3
  Dodge: Dodged            |    28 |    53 ||    81

Table legend: (Time is in decaauts)
 A = Elapsed time spent in this place.
 B = Non-inter-level travel time spent in this place.
 C = Inter-level travel time spent in this place.
 D = Time resting spent in this place.
 E = Time spent auto-exploring this place.
 F = Levels seen in this place.
 G = Mean time per level.
                   A        B        C        D        E       F      G
               +--------+--------+--------+--------+--------+-----+--------+
         Total |   3097 |   2999 |     98 |    312 |   1906 |   5 |  619.4 |
       Dungeon |   2394 |   2296 |     98 |    204 |   1584 |   4 |  598.5 |
         Sewer |    703 |    703 |      0 |    108 |    322 |   1 |  703.0 |
               +--------+--------+--------+--------+--------+-----+--------+

Top non-repeatable levels by time:
     D:1: 794 daAuts
   Sewer: 703 daAuts
     D:3: 686 daAuts
     D:2: 539 daAuts
     D:4: 374 daAuts
